Map: Newkirk Precinct TE (Void)

Players

Fropez

  • Race: Protoss Protoss
  • League: Gold
  • Spawn Location: 5:00

BoyDangerous - Winner!

  • Race: Protoss Protoss
  • League: Gold
  • Spawn Location: 7:00

VOD

Have the link to the VOD?

Description

Time

  • Played on: Dec. 7, 2016, 12:06 p.m.
  • Length: 11:23
Show
View Real Time Build Order
Export as new Build Order

Fropez Protoss 

Build Orders: Oracle Opening 

Get SALT Encoding   

  12  0:01  Probe (Chrono Boost)  
  13  0:13  Pylon  
  13  0:19  Probe (Chrono Boost)  
  14  0:26  Assimilator  
  14  0:29  Probe (Chrono Boost)  
  15  0:42  Gateway  
  15  0:44  Probe (Chrono Boost)  
  16  0:55  Probe (Chrono Boost)  
  17  0:59  Assimilator  
  17  1:06  Probe (Chrono Boost)  
  18  1:17  Probe (Chrono Boost)  
  19  1:27  Probe (Chrono Boost)  
  19  1:31  Cybernetics Core  
  20  1:35  Pylon  
  20  1:39  Probe (Chrono Boost)  
  21  1:50  Probe (Chrono Boost)  
  22  2:08  Stargate  
  24  2:15  Mothership Core (Chrono Boost)  
  24  2:22  Pylon  
  24  2:25  Warp Gate (Chrono Boost)  
  24  2:33  Stalker  
  24  2:36  Probe (Chrono Boost)  
  26  2:58  Oracle (Chrono Boost)  
  29  3:07  Nexus  
  29  3:10  Probe  
  29  3:12  Pylon  
  30  3:22  Probe  
  31  3:31  Oracle  
  34  3:44  Probe  
  35  3:56  Probe  
  35  3:58  Nexus  
  36  4:07  Oracle  
  39  4:12  Pylon  
  39  4:16  Probe  
  40  4:18  Probe  
  38  5:01  Stalker  
  38  5:05  Void Ray (Chrono Boost)  
  44  5:08  Probe x2  
  44  5:14  Pylon  
  43  5:15  Assimilator  
  43  5:16  Probe  
  43  5:20  Probe, Stargate  
  45  5:22  Assimilator  
  45  5:26  Probe  
  46  5:37  Assimilator  
  46  5:38  Cybernetics Core  
  46  5:42  Assimilator  
  46  5:55  Void Ray (Chrono Boost)  
  50  5:57  Stalker  
  49  6:21  Protoss Air Armor Level 1 (Chrono Boost), Protoss Air Weapons Level 1 (Chrono Boost), Stalker  
  51  6:28  Probe  
  51  6:29  Probe x2  
  54  6:38  Void Ray (Chrono Boost)  
  58  6:41  Probe x2  
  60  6:50  Probe  
  60  6:53  Probe  
  62  6:55  Probe  
  67  7:16  Void Ray (Chrono Boost)  
  71  7:28  Stalker  
  59  7:49  Probe x2  
  61  7:52  Stargate  
  61  7:54  Void Ray (Chrono Boost), Stargate  
  61  7:55  Probe  
  61  7:56  Gateway  
  61  7:58  Gateway  
  66  8:01  Probe  
  67  8:06  Probe  
  67  8:07  Probe  
  67  8:11  Pylon  
  69  8:13  Probe  
  68  8:28  Fleet Beacon  
  68  8:30  Void Ray (Chrono Boost), Stalker  
  74  8:46  Void Ray x2 (Chrono Boost)  
  72  9:07  Void Ray (Chrono Boost)  
  63  9:12  Protoss Air Weapons Level 2 (Chrono Boost)  
  56  9:44  Pylon  
  48  9:46  Pylon  
  42  10:04  Void Ray (Chrono Boost)  
Show
View Real Time Build Order
Export as new Build Order

BoyDangerous Protoss - Winner!

Build Orders: 1 Gate Expand 

Get SALT Encoding   

  12  0:01  Probe (Chrono Boost)  
  13  0:17  Pylon  
  13  0:19  Probe (Chrono Boost)  
  14  0:29  Probe (Chrono Boost)  
  15  0:37  Gateway  
  15  0:40  Probe (Chrono Boost)  
  16  0:51  Probe (Chrono Boost)  
  17  1:16  Nexus  
  17  1:22  Assimilator  
  17  1:33  Cybernetics Core  
  17  1:38  Assimilator  
  17  1:54  Pylon  
  17  2:00  Probe (Chrono Boost)  
  18  2:11  Probe (Chrono Boost)  
  19  2:23  Pylon  
  19  2:25  Mothership Core (Chrono Boost)  
  21  2:33  Stalker  
  25  2:44  Probe x2 (Chrono Boost)  
  25  2:54  Probe (Chrono Boost)  
  26  3:02  Stargate  
  26  3:07  Pylon  
  26  3:12  Stalker  
  28  3:16  Probe (Chrono Boost)  
  28  3:17  Probe (Chrono Boost)  
  30  3:26  Probe (Chrono Boost)  
  31  3:27  Assimilator  
  31  3:29  Warp Gate  
  32  3:34  Probe (Chrono Boost)  
  32  3:43  Stalker  
  34  3:50  Probe (Chrono Boost)  
  34  3:51  Probe (Chrono Boost)  
  36  4:02  Probe x2 (Chrono Boost)  
  38  4:09  Void Ray  
  42  4:13  Probe (Chrono Boost)  
  42  4:15  Probe (Chrono Boost)  
  44  4:22  Stalker  
  46  4:24  Probe (Chrono Boost)  
  42  4:41  Probe (Chrono Boost)  
  41  4:51  Probe (Chrono Boost)  
  39  4:54  Probe (Chrono Boost)  
  39  4:59  Void Ray  
  40  5:02  Probe (Chrono Boost)  
  40  5:05  Probe (Chrono Boost)  
  46  5:16  Probe x2 (Chrono Boost), Stargate  
  48  5:27  Probe x2 (Chrono Boost)  
  50  5:33  Protoss Air Weapons Level 1  
  50  5:37  Probe x2 (Chrono Boost)  
  52  5:48  Probe x2 (Chrono Boost)  
  54  5:53  Void Ray (Chrono Boost)  
  54  5:57  Probe  
  54  5:59  Probe  
  56  6:09  Pylon  
  60  6:13  Pylon  
  60  6:14  Void Ray (Chrono Boost)  
  60  6:18  Probe  
  56  6:19  Probe  
  56  6:23  Stalker  
  60  6:28  Probe  
  60  6:30  Assimilator  
  60  6:31  Probe  
  62  6:37  Void Ray (Chrono Boost)  
  66  6:42  Probe  
  66  6:43  Probe  
  68  6:47  Pylon  
  68  6:56  Gateway  
  68  7:03  Probe  
  68  7:05  Probe  
  68  7:08  Void Ray (Chrono Boost)  
  74  7:16  Probe  
  74  7:18  Probe  
  76  7:25  Void Ray (Chrono Boost)  
  76  7:27  Protoss Air Armor Level 1  
  80  7:45  Stalker  
  80  7:51  Void Ray (Chrono Boost)  
  86  7:57  Gateway  
  86  7:59  Gateway  
  86  8:03  Gateway  
  86  8:14  Forge  
  86  8:17  Pylon  
  86  8:19  Pylon  
  86  8:26  Pylon  
  86  8:29  Pylon  
  86  8:36  Void Ray (Chrono Boost)  
  86  8:37  Probe  
  93  8:41  Void Ray (Chrono Boost)  
  91  8:49  Stalker x2  
  95  8:56  Protoss Shields Level 1  
  95  9:02  Gateway  
  95  9:09  Stalker x2  
  99  9:13  Void Ray (Chrono Boost)  
  107  9:26  Void Ray (Chrono Boost)  
  107  9:50  Void Ray (Chrono Boost), Stalker x3  
  117  10:21  Pylon  
  117  10:23  Pylon  
  117  10:40  Void Ray (Chrono Boost), Pylon  
  125  10:43  Pylon  
  125  10:45  Pylon, Void Ray (Chrono Boost)  
  103  11:18  Stalker x2  
Tags
 
Add a new tag
Caveats
  • Supply blocks, unpowered buildings, or Contaminate may cause inaccurate times.
  • Supply counts are checked every 10 seconds.